Map: Daybreak LE (Void)

Players

Musumeci - Winner!

  • Race: Zerg Zerg
  • League: Diamond
  • Spawn Location: 1:00

Cheater 1 (Insane)

  • Race: Zerg Zerg
  • Spawn Location: 7:00

VOD

Have the link to the VOD?

Description

Time

  • Played on: Jan. 1, 2017, 2:27 p.m.
  • Length: 15:41
Show
View Real Time Build Order
Export as new Build Order

Musumeci Zerg - Winner!

Build Orders: Hatch First 

Get SALT Encoding   

  12  0:02  Drone  
  13  0:08  Drone  
  14  0:19  Drone, Extractor  
  15  0:42  Hatchery  
  15  0:48  Extractor  
  15  0:49  Drone  
  15  1:02  Spawning Pool  
  14  1:05  Extractor  
  14  1:07  Drone  
  14  1:12  Extractor  
  13  1:20  Overlord  
  14  1:38  Drone x3  
  17  1:48  Queen  
  17  1:51  Drone  
  20  1:58  Drone  
  21  2:08  Queen  
  23  2:15  Metabolic Boost  
  23  2:20  Drone  
  24  2:23  Zergling x2  
  24  2:27  Zergling x2  
  26  2:34  Zergling x4  
  28  2:45  Roach Warren  
  28  2:50  Drone  
  28  3:03  Overlord  
  28  3:05  Overlord  
  28  3:09  Lair  
  28  3:12  Extractor  
  27  3:23  Drone  
  27  3:24  Drone x3  
  30  3:33  Drone x3  
  32  3:41  Drone  
  32  3:42  Drone x2  
  35  3:55  Drone x5  
  39  4:08  Glial Reconstitution  
  41  4:10  Roach x2  
  41  4:12  Extractor  
  41  4:14  Overlord, Extractor  
  41  4:19  Overseer  
  41  4:31  Drone x3  
  41  4:35  Roach  
  41  4:36  Roach x3  
  52  4:40  Drone, Evolution Chamber  
  52  4:58  Overlord x2  
  52  4:59  Overlord x2  
  52  5:17  Drone  
  52  5:18  Drone x4  
  52  5:19  Roach x3  
  63  5:42  Hatchery, Extractor  
  61  5:43  Drone x2  
  61  5:46  Extractor  
  61  5:48  Zerg Missile Weapons Level 1  
  62  5:55  Zergling x2  
  63  5:58  Roach x6  
  71  6:13  Roach x5  
  73  6:33  Roach  
  73  6:34  Roach x4  
  82  6:50  Zergling x2  
  83  6:54  Drone x3  
  83  6:56  Drone x2  
  83  6:57  Queen  
  90  7:07  Overlord x3  
  92  7:30  Roach x9  
  92  7:33  Ravager  
  92  7:34  Ravager x5  
  114  8:01  Overlord x6  
  114  8:18  Roach  
  100  8:29  Roach  
  100  8:30  Roach x8  
  110  8:54  Roach x7  
  97  9:11  Roach x4  
  101  9:36  Drone  
  101  9:37  Drone x2  
  104  9:38  Ravager x3  
  104  9:39  Roach, Ravager x6  
  104  9:40  Roach x4  
  104  9:41  Ravager x2  
  104  9:42  Overlord  
  125  9:59  Roach x6  
  129  10:08  Overseer x2  
  127  10:20  Roach x4  
  127  10:21  Roach x4  
  125  10:35  Roach x8  
  125  10:49  Roach x6  
  133  11:02  Roach  
  133  11:03  Roach x7  
  149  11:14  Roach x4  
  151  11:50  Roach x3  
  142  12:18  Roach  
  142  12:19  Roach x11  
  127  12:49  Roach x10  
  127  12:50  Roach x3  
  135  13:09  Roach x5  
  127  13:22  Roach  
  127  13:23  Roach x5  
  127  13:24  Overlord  
  127  13:25  Overlord x4  
  127  13:42  Ravager x6  
  127  13:44  Roach x7  
  147  14:02  Ravager x8  
  155  14:03  Ravager  
  154  14:27  Extractor  
  154  14:30  Hatchery  
  152  14:32  Extractor  
  152  14:34  Roach  
  152  14:35  Roach x12  
  149  15:09  Roach  
  149  15:10  Roach x13  
Show
View Real Time Build Order
Export as new Build Order

Cheater 1 (Insane) Zerg 

Build Orders: Pool First, Lurkers 

Get SALT Encoding   

  12  0:00  Drone  
  13  0:11  Overlord  
  13  0:14  Drone  
  14  0:29  Drone  
  14  0:30  Drone  
  14  0:33  Drone  
  17  0:42  Spawning Pool  
  16  0:44  Drone  
  17  1:04  Hatchery, Drone  
  17  1:06  Extractor  
  17  1:08  Drone  
  17  1:11  Extractor  
  17  1:16  Drone  
  17  1:27  Drone  
  18  1:34  Queen  
  18  1:37  Overlord  
  20  1:48  Zergling x2  
  21  1:59  Drone  
  22  2:09  Queen  
  22  2:10  Drone  
  22  2:15  Drone, Roach Warren  
  25  2:20  Drone  
  26  2:26  Drone  
  27  2:31  Zergling x2  
  27  2:37  Zergling x2  
  29  2:40  Drone x2  
  29  2:41  Drone  
  29  2:42  Drone  
  33  2:47  Drone  
  34  2:53  Overlord  
  36  2:58  Roach  
  36  3:01  Lair  
  36  3:05  Overlord  
  36  3:08  Overlord  
  36  3:12  Roach, Zergling x4  
  40  3:16  Roach  
  42  3:20  Roach  
  42  3:26  Zergling x2  
  42  3:30  Zergling x2  
  43  3:37  Zergling x2  
  43  3:40  Roach, Drone  
  43  3:41  Drone, Zergling x2  
  49  3:48  Drone, Overlord x2  
  49  3:49  Roach  
  49  3:52  Drone  
  52  3:59  Drone  
  52  4:02  Hydralisk Den  
  52  4:03  Drone  
  52  4:09  Roach x2, Drone  
  58  4:11  Drone  
  58  4:14  Drone  
  60  4:22  Roach  
  62  4:25  Overlord  
  62  4:26  Roach  
  62  4:31  Hydralisk  
  64  4:32  Hydralisk  
  64  4:36  Overlord  
  64  4:37  Hydralisk x2  
  64  4:38  Hydralisk  
  74  4:43  Hydralisk  
  76  4:46  Hydralisk  
  78  4:53  Hydralisk x3  
  78  4:54  Hydralisk  
  78  4:58  Overlord  
  86  5:05  Hydralisk  
  86  5:06  Overlord, Extractor, Hydralisk  
  86  5:07  Drone  
  90  5:08  Hydralisk  
  90  5:12  Metabolic Boost  
  92  5:15  Evolution Chamber  
  92  5:17  Drone  
  92  5:20  Drone  
  93  5:23  Infestation Pit, Drone x3  
  93  5:26  Hatchery  
  94  5:32  Overlord  
  94  5:33  Drone  
  94  5:35  Drone  
  96  5:36  Drone  
  96  5:38  Drone  
  96  5:40  Drone  
  96  5:42  Drone, Zerg Melee Weapons Level 1  
  100  5:48  Ravager  
  100  5:49  Evolution Chamber  
  100  5:50  Ravager  
  100  5:51  Overlord  
  100  5:53  Drone, Evolution Chamber  
  100  5:55  Drone x2  
  100  5:57  Drone  
  104  6:01  Drone  
  104  6:03  Infestor  
  104  6:04  Drone x3  
  107  6:11  Extractor  
  107  6:13  Drone, Overseer  
  107  6:15  Drone, Zerg Missile Weapons Level 1  
  108  6:18  Zerg Ground Armor Level 1  
  108  6:23  Spine Crawler  
  108  6:24  Drone  
  108  6:25  Glial Reconstitution, Queen  
  105  6:26  Infestor, Roach x2  
  105  6:27  Spine Crawler  
  105  6:32  Roach x3  
  118  6:35  Roach  
  118  6:37  Overlord  
  118  6:38  Drone  
  118  6:39  Queen  
  122  6:44  Pneumatized Carapace  
  122  6:46  Zergling x2  
  122  6:48  Zergling x2  
  122  6:49  Hatchery, Drone  
  122  6:51  Extractor  
  122  6:56  Overlord  
  122  6:58  Drone  
  122  6:59  Drone  
  122  7:00  Infestor, Drone  
  129  7:01  Roach, Burrow  
  129  7:08  Drone  
  130  7:09  Drone  
  130  7:10  Drone  
  130  7:14  Extractor  
  131  7:16  Pathogen Glands  
  131  7:18  Overlord  
  131  7:20  Drone  
  131  7:21  Roach, Spore Crawler  
  133  7:23  Spore Crawler  
  133  7:27  Spine Crawler  
  133  7:29  Roach, Drone, Lurker Den  
  136  7:30  Roach, Drone  
  136  7:31  Unknown, Infestor, Drone  
  136  7:35  Unknown  
  140  7:41  Drone, Overlord  
  140  7:42  Drone  
  140  7:44  Queen  
  139  7:46  Roach, Zergling x4  
  139  7:52  Roach  
  139  7:53  Roach, Drone  
  139  7:58  Roach x2, Drone  
  141  8:01  Overlord  
  141  8:04  Roach, Drone x2  
  139  8:08  Unknown  
  139  8:12  Drone  
  140  8:13  Neural Parasite  
  140  8:14  Drone, Ravager, Zergling x2, Hive  
  140  8:15  Drone  
  140  8:18  Roach x2, Zergling x2  
  136  8:22  Roach  
  136  8:25  Roach x2  
  136  8:26  Roach, Drone  
  136  8:27  Roach, Drone  
  132  8:28  Zerg Missile Weapons Level 2  
  132  8:33  Drone  
  117  8:35  Hydralisk  
  117  8:37  Drone x2  
  117  8:40  Spine Crawler  
  117  8:41  Queen, Overseer, Drone, Roach  
  107  8:43  Roach  
  107  8:44  Drone, Ravager  
  107  8:45  Overseer  
  107  8:47  Drone x2  
  107  8:48  Roach  
  110  8:49  Infestor, Drone, Hydralisk  
  110  8:50  Spine Crawler, Drone  
  110  8:51  Drone x2  
  110  8:53  Spine Crawler  
  110  8:55  Roach x3, Drone x3  
  119  8:59  Roach, Drone  
  119  9:01  Drone  
  115  9:05  Roach, Zerg Ground Armor Level 2  
  115  9:06  Roach  
  115  9:09  Infestor  
  119  9:10  Drone  
  119  9:14  Hatchery  
  119  9:16  Drone  
  120  9:18  Roach, Drone, Zergling x2  
  120  9:20  Drone, Extractor  
  120  9:21  Drone  
  120  9:24  Roach, Drone x2, Extractor  
  120  9:27  Drone  
  120  9:30  Spine Crawler  
  122  9:32  Roach, Drone  
  122  9:35  Queen  
  122  9:37  Drone, Ravager  
  129  9:39  Hydralisk Den  
  129  9:40  Lurker x2  
  129  9:42  Hatchery  
  129  9:43  Drone x2  
  131  9:46  Zergling x2  
  131  9:47  Zergling x4  
  131  9:48  Roach, Zergling x2  
  131  9:50  Zerg Melee Weapons Level 2  
  131  9:52  Infestor, Roach  
  139  9:53  Roach x2, Drone  
  139  9:54  Viper, Overlord  
  139  9:56  Spine Crawler  
  139  9:59  Zergling x2, Spore Crawler  
  132  10:00  Ravager  
  132  10:01  Adrenal Glands  
  132  10:05  Roach, Drone  
  120  10:09  Drone  
  120  10:11  Spine Crawler  
  120  10:13  Spine Crawler  
  115  10:15  Viper, Infestor, Drone  
  115  10:16  Roach  
  115  10:17  Zergling x2  
  115  10:19  Zergling x6  
  115  10:21  Roach x2, Drone x2  
  127  10:23  Spore Crawler  
  127  10:25  Hydralisk  
  127  10:26  Spire  
  127  10:27  Zergling x2, Hydralisk  
  131  10:31  Hydralisk  
  128  10:36  Hydralisk  
  128  10:38  Roach, Drone  
  128  10:42  Drone  
  126  10:43  Extractor  
  126  10:44  Zergling x4  
  126  10:45  Zergling x2  
  126  10:47  Zergling x2  
  126  10:49  Roach, Hydralisk  
  125  10:50  Roach x3, Drone  
  125  10:51  Drone, Zergling x2  
  125  10:54  Hatchery, Zergling x2  
  125  10:56  Baneling Nest  
  129  10:58  Drone, Extractor  
  129  11:00  Drone x2, Spore Crawler  
  129  11:02  Spore Crawler  
  129  11:03  Ravager  
  124  11:05  Drone, Ravager, Spore Crawler  
  124  11:06  Lurker, Zerg Missile Weapons Level 3  
  124  11:08  Queen, Drone  
  124  11:10  Lurker, Hydralisk  
  129  11:11  Drone  
  129  11:12  Queen, Zergling x2  
  129  11:13  Zergling x4  
  129  11:15  Zergling x2  
  129  11:17  Hatchery, Hydralisk  
  129  11:18  Infestor, Drone, Hydralisk  
  136  11:19  Roach x2, Drone, Tunneling Claws  
  136  11:22  Drone, Extractor  
  136  11:23  Roach  
  136  11:24  Drone  
  148  11:27  Drone  
  148  11:30  Zergling x2, Spore Crawler  
  148  11:33  Drone x2  
  148  11:34  Spine Crawler  
  141  11:40  Drone  
  141  11:41  Infestor, Hydralisk x2  
  141  11:43  Hydralisk  
  141  11:44  Hydralisk  
  139  11:47  Roach x2, Drone  
  139  11:49  Hatchery  
  141  11:56  Roach, Drone, Extractor  
  141  11:59  Hatchery  
  138  12:05  Hatchery  
  138  12:06  Zergling x4  
  131  12:10  Roach, Drone x2, Extractor  
  131  12:12  Lurker  
  131  12:13  Spore Crawler  
  131  12:15  Hydralisk  
  131  12:16  Roach, Ravager  
  131  12:18  Roach  
  131  12:19  Drone x2  
  123  12:28  Drone  
  123  12:29  Drone  
  105  12:30  Hatchery  
  89  12:38  Roach, Hydralisk, Corruptor  
  89  12:39  Drone, Zergling x2, Hydralisk  
  89  12:43  Unknown  
  89  12:44  Unknown x5, Roach, Drone x2  
  97  12:51  Drone, Zergling x2  
  100  12:53  Hydralisk  
  100  12:54  Drone x8  
  100  12:55  Drone x5  
  100  12:56  Drone  
  100  12:57  Roach  
  100  12:58  Queen  
  92  13:01  Zergling x2  
  92  13:02  Roach x2  
  92  13:04  Drone x2  
  88  13:06  Hydralisk  
  88  13:07  Roach, Drone  
  88  13:09  Roach  
  88  13:12  Drone  
  78  13:14  Drone x9  
  78  13:15  Roach, Drone x2  
  78  13:18  Drone  
  69  13:21  Drone x5  
  69  13:22  Drone  
  69  13:23  Drone x3  
  69  13:24  Drone x3  
  69  13:25  Drone x3  
  60  13:36  Zergling x2  
  60  13:38  Zergling x2  
  60  13:41  Roach  
  62  13:42  Drone  
  62  13:43  Roach  
  62  13:46  Hydralisk  
  66  13:48  Hydralisk  
  66  13:52  Drone  
  66  13:54  Drone  
  70  13:57  Drone  
  70  14:02  Hatchery  
  68  14:11  Zergling x2  
  68  14:13  Zergling x2  
  68  14:14  Drone  
  68  14:16  Drone  
  72  14:17  Drone x2  
  72  14:18  Drone  
  72  14:19  Drone  
  72  14:20  Drone  
  72  14:22  Roach  
  63  14:25  Roach  
  63  14:26  Drone  
  63  14:27  Roach  
  63  14:28  Drone x2  
  63  14:29  Drone  
  60  14:32  Roach, Hydralisk  
  60  14:33  Roach  
  60  14:36  Roach  
  60  14:37  Drone  
  63  14:39  Drone x3  
  63  14:43  Roach  
  51  14:48  Roach  
  50  14:56  Hatchery, Drone  
  46  15:01  Queen  
  40  15:12  Drone  
  32  15:20  Drone  
  30  15:24  Drone  
  30  15:25  Drone x2  
Tags
 
Composition
Lurkers
League
Diamond
Matchup
ZvZ
Race
Zerg
Replay Pack
replay pack
Spawn Locations
Cross Positions
Add a new tag
Caveats
  • Supply blocks, unpowered buildings, or Contaminate may cause inaccurate times.
  • Supply counts are checked every 10 seconds.